[Event "Early-Titled-Tuesday-Blitz-November-28-2023"]
[Site "Chess.com"]
[Date "2023.11.28"]
[Round "10"]
[White "Aslanov_Umid"]
[Black "Gabrielian_Artur"]
[Result "0-1"]
[WhiteElo "2531"]
[BlackElo "2733"]
[TimeControl "180+1"]
[EndTime "10:02:37 PST"]
[Termination "Gabrielian_Artur won on time"]

1. e4 e5 2. Nf3 Nc6 3. Bc4 Nf6 4. d3 Be7 5. O-O O-O 6. Re1 d6 7. h3 Na5 8. Bb5 a6 9. Ba4 b5 10. Bb3 Nxb3 11. axb3 c5 12. Bg5 Nh5 13. Be3 f5 14. Nc3 f4 15. Bd2 Nf6 16. Nd5 Nxd5 17. exd5 Qe8 18.
Qe2 Qg6 19. Kh2 Rf5 20. b4 cxb4 21. Bxb4 Rh5 22. Ng1 Rg5 23. f3 Rf5 24. Qf1 Bh4 25.
Re4 Bg3+ 26. Kh1 Rh5 27. c4 Bf5 28. cxb5 Bxe4 29. dxe4 Qe8 30. Rxa6 Rb8 31. b6 Rh6 32. Ba3 Rf6 33. Qc4 Bf2 34. Qb3 Qc8 35. b7 Qxb7 36. Qc4 Qb5 37. Qxb5 Rxb5 38. Ne2 Rf8 39. Bxd6 Rc8 40.
Bxe5 Rc2 41. Nxf4 Bg3 42. Nd3 Bxe5 43. Nxe5 h6 44. Ra8+ Kh7 45. Nf7 Rbxb2 46. Rh8+ Kg6 47. Ne5+ Kf6 48. Ng4+ Kg5 49. Ne3 Re2 50. h4+ Kf4 51. d6 Rbd2 52. Nd5+ Kg3 0-1

[Event "Early-Titled-Tuesday-Blitz-November-28-2023"]
[Site "Chess.com"]
[Date "2023.11.28"]
[Round "10"]
[White "Grischuk"]
[Black "Hikaru"]
[Result "1-0"]
[WhiteElo "3076"]
[BlackElo "3215"]
[TimeControl "180+1"]
[EndTime "10:02:39 PST"]
[Termination "Grischuk won on time"]

1. d4 g6 2. e4 c6 3. Nc3 d5 4. e5 f6 5. f4 Nh6 6. Be2 Nf7 7. Nf3 Bg7 8. Be3 b6 9. Qd2 Ba6 10. O-O-O Qc8 11. Rhg1 Bxe2 12. Nxe2 f5 13. h3 e6 14. g4 Bf8 15. Kb1 Na6 16. Bf2 Qd7 17. Bh4 Be7 18. Bf6 Rf8 19. Qe1 O-O-O 20. Qh4 Bxf6 21.
exf6 Nd6 22. Ne5 Qc7 23. g5 Nb8 24. Qe1 Nd7 25. h4 c5 26. h5 Nxe5 27. fxe5 Ne4 28.
Nf4 Qf7 29. dxc5 Nxc5 30. Qe3 Ne4 31. Qd4 Kb7 32. c4 dxc4 33. Qxd8 Rxd8 34. Rxd8 c3 35.
Rgd1 Nd2+ 36. R8xd2 cxd2 37. hxg6 hxg6 38. Rxd2 Qe8 39. a3 Ka6 40. Ka2 Qc8 41. Rd4 Qc5 42. Nxe6 Qxe5 43. Ra4+ Kb7 44. Nd8+ Kc8 45. f7 Qd5+ 46. Ka1 Qxd8 47. Rxa7 Kb8 48. Rd7 Qxg5 49.
f8=Q+ 1-0

[Event "Early-Titled-Tuesday-Blitz-November-28-2023"]
[Site "Chess.com"]
[Date "2023.11.28"]
[Round "10"]
[White "Shivananda1964"]
[Black "deribas12345"]
[Result "1-0"]
[WhiteElo "2410"]
[BlackElo "2527"]
[TimeControl "180+1"]
[EndTime "10:02:39 PST"]
[Termination "Shivananda1964 won by resignation"]

1. d4 Nf6 2. g3 c5 3. dxc5 Na6 4. Bg2 Nxc5 5. Nf3 d6 6. O-O g6 7. b3 Bg7 8. Bb2 O-O 9. Nbd2 a5 10. a4 Bf5 11. Nd4 Bd7 12. Nc4 Rc8 13. Re1 Ng4 14. e4 Ne5 15. Nxe5 Bxe5 16. f4 Bg7 17. Qd2 Ne6 18. Nxe6 Bxe6 19. Bxg7 Kxg7 20. c4 Qb6+ 21. Qe3 Qxe3+ 22. Rxe3 Rc5 23. e5 dxe5 24. Bxb7 exf4 25. gxf4 Rd8 26. Rae1 Rd4 27. Re5 Rc7 28. Bg2 Ra7 29. Rb5 Rxf4 30. Ree5 Rf5 31. Rxf5 gxf5 32. c5 Kf6 33. c6 Bc8 34. Rb8 Rc7 35. Rb7 Bxb7 36. cxb7 Rxb7 37. Bxb7 Ke5 38. Kf2 Kd4 39.
Kf3 e5 40. h4 h5 41. Bc6 Kc3 42. Bd5 f6 43. Be6 f4 44. Ke4 Kd2 45. b4 axb4 46. a5 f5+ 47. Bxf5 b3 48. Kf3 b2 49. a6 Kc3 50. a7 Kd4 51. a8=Q 1-0

[Event "Early-Titled-Tuesday-Blitz-November-28-2023"]
[Site "Chess.com"]
[Date "2023.11.28"]
[Round "10"]
[White "Me_ch_an"]
[Black "Jamal-Jamal-Jamal"]
[Result "0-1"]
[WhiteElo "2316"]
[BlackElo "2475"]
[TimeControl "180+1"]
[EndTime "10:02:39 PST"]
[Termination "Jamal-Jamal-Jamal won on time"]

1. e4 e6 2. d4 d5 3. e5 c5 4.
c3 Bd7 5. g3 Qb6 6. Ne2 Ne7 7.
Bh3 cxd4 8. cxd4 Bb5 9. Nbc3 Nec6 10. O-O Bb4 11. Be3 Bxc3 12. bxc3 Bxe2 13. Qxe2 Na5 14. Rab1 Qa6 15. Qxa6 Nxa6 16. Rb5 b6 17. f4 Nc4 18.
Bc1 g6 19. g4 h5 20. g5 Ke7 21. Rf3 Rhc8 22. Bf1 Nb8 23. Bxc4 Rxc4 24. Ba3+ Ke8 25. f5 Nd7 26. fxg6 fxg6 27. Rb1 Rac8 28. Bb2 b5 29. Rbf1 a5 30. Rf7 b4 31. Rh7 Nf8 32. Rb7 R8c7 33. Rb8+ Rc8 34. Rb7 R4c7 35. Rb6 Rc6 36.
Rb7 Nd7 37. cxb4 axb4 38. Rxb4 Rc2 39. Rb3 Re2 40. Ba3 Rcc2 41. Rfb1 Rg2+ 42. Kh1 Rxh2+ 43. Kg1 Rhg2+ 44. Kh1 Rh2+ 45. Kg1 Rhg2+ 46. Kh1 Rxg5 47.
Bd6 Rg4 0-1

[Event "Early-Titled-Tuesday-Blitz-November-28-2023"]
[Site "Chess.com"]
[Date "2023.11.28"]
[Round "10"]
[White "MITerryble"]
[Black "Tobias_Koelle"]
[Result "1-0"]
[WhiteElo "2970"]
[BlackElo "2863"]
[TimeControl "180+1"]
[EndTime "10:02:43 PST"]
[Termination "MITerryble won by checkmate"]

1. d4 d5 2. Bg5 h6 3. Bh4 c5 4. dxc5 Qa5+ 5. Nd2 Qxc5 6. Ngf3 Nc6 7. c3 e6 8. e4 Be7 9. Nb3 Qb6 10.
exd5 Bxh4 11. Nxh4 exd5 12. Qxd5 Nf6 13. Qc5 Qc7 14.
Bb5 Bd7 15. O-O O-O-O 16. Bxc6 Bxc6 17. Qxa7 Ng4 18. g3 g5 19. Nf5 Ne5 20. Nfd4 h5 21.
Qa8+ Kd7 22. Qa5 h4 23. Rfe1 hxg3 24. fxg3 Rxh2 25. Nc5+ Kc8 26. Qxc7+ Kxc7 27. Kxh2 Rh8+ 28. Kg1 Rh1+ 29. Kf2 Rh2+ 30. Kf1 Rh1+ 31. Ke2 Rh2+ 32. Kd1 Nc4 33. Kc1 Bd5 34. Rb1 b6 35. Nd3 f5 36. b3 Nd6 37. Rb2 Rh3 38. Rg1 Rh8 39. Nb4 Be4 40. Re2 g4 41. Kb2 Kd7 42. c4 Rh3 43. Nd5 Rh8 44. Nf6+ Kc7 45. Nxe4 fxe4 46. Rf1 Rh3 47. Nf5 Nxf5 48. Rxf5 Rxg3 49. Rxe4 Rg2+ 50. Kc3 g3 51. Rg5 Re2 52. Rxe2 g2 53. Rexg2 Kb7 54. Rg6 Ka6 55. Rh6 Ka5 56. Rg8 Ka6 57. Ra8+ Kb7 58. Rf8 Ka6 59. Kb4 Kb7 60. Kb5 Ka7 61. Rf7+ Kb8 62.
Rh8# 1-0

[Event "Early-Titled-Tuesday-Blitz-November-28-2023"]
[Site "Chess.com"]
[Date "2023.11.28"]
[Round "10"]
[White "AryanTari"]
[Black "Korchmar_Vasiliy"]
[Result "1-0"]
[WhiteElo "2967"]
[BlackElo "2724"]
[TimeControl "180+1"]
[EndTime "10:02:43 PST"]
[Termination "AryanTari won on time"]

1. e4 c5 2. a4 Nc6 3. Nf3 Nf6 4. Nc3 d6 5. Bb5 Bd7 6. d4 cxd4 7. Nxd4 g6 8. O-O Bg7 9. Nxc6 bxc6 10. Bd3 O-O 11. h3 Rb8 12. Qe2 Be6 13. Rb1 Nd7 14. Be3 Qa5 15.
f4 Nc5 16. f5 Bd7 17. Qf2 Nxd3 18. cxd3 Rb3 19. Bd4 Bxd4 20. Qxd4 Qb6 21. Qxb6 Rxb6 22. b4 Rfb8 23. b5 Kf8 24. fxg6 hxg6 25. a5 R6b7 26. bxc6 Bxc6 27. Kf2 Rb2+ 28. Ke3 R8b3 29. Rxb2 Rxb2 30. Rb1 Rxg2 31. Rb8+ Kg7 32. Rc8 Bd7 33. Rc7 Bxh3 34. Rxa7 e6 35. a6 Rg1 36. Rb7 Ra1 37. a7 d5 38. Nb5 dxe4 39. dxe4 Bf1 40. Nc7 Ra3+ 41.
Kf2 Bd3 42. a8=Q Rxa8 43. Nxa8 Bxe4 44. Ra7 g5 45. Nb6 Kg6 46. Nc4 f5 47. Ne5+ Kf6 48.
Nd7+ Kg6 49. Ra6 Bd5 50. Nb6 Bb3 51. Ra3 Bc2 52. Nc4 g4 53. Ra6 Kf6 54. Kg3 1-0

[Event "Early-Titled-Tuesday-Blitz-November-28-2023"]
[Site "Chess.com"]
[Date "2023.11.28"]
[Round "10"]
[White "NovoselovRoman"]
[Black "ljuks68"]
[Result "1/2-1/2"]
[WhiteElo "2547"]
[BlackElo "2449"]
[TimeControl "180+1"]
[EndTime "10:02:44 PST"]
[Termination "Game drawn by repetition"]

1. e4 e6 2. d4 d5 3. Nc3 Bb4 4. exd5 exd5 5. Bd3 Nf6 6. Ne2 O-O 7. Bg5 Bg4 8. f3 Bh5 9. h4 Bg6 10. h5 Bxd3 11.
Qxd3 h6 12. Bh4 c6 13. O-O-O Be7 14. g4 Nh7 15. Bxe7 Qxe7 16. f4 Nd7 17. Ng3 Ndf6 18. Nf5 Qc7 19. Qf3 Rae8 20. Rhg1 Ne4 21. g5 hxg5 22. Rg4 Nxc3 23. bxc3 f6 24. Rdg1 Re4 25.
fxg5 Rxg4 26. Rxg4 Nxg5 27. Qe3 Qd7 28. Ne7+ Kf7 29.
Ng6 Re8 30. Qg3 a5 31. Rxg5 fxg5 32. Qxg5 Re6 33. Ne5+ Rxe5 34. dxe5 Qe7 35. Qf5+ Kg8 36. h6 gxh6 37. Qg6+ Qg7 38. Qe8+ Kh7 39. e6 Qxc3 40.
Qf7+ Kh8 41. Qf8+ Kh7 42. Qf5+ Kh8 43. Qf8+ Kh7 44. Qf7+ Kh8 45. e7 Qe1+ 46. Kb2 Qb4+ 47. Kc1 Qe1+ 48. Kb2 Qb4+ 49. Kc1 Qe1+ 1/2-1/2

[Event "Early-Titled-Tuesday-Blitz-November-28-2023"]
[Site "Chess.com"]
[Date "2023.11.28"]
[Round "10"]
[White "noblerone"]
[Black "jcmesafischer"]
[Result "0-1"]
[WhiteElo "2490"]
[BlackElo "2346"]
[TimeControl "180+1"]
[EndTime "10:02:44 PST"]
[Termination "jcmesafischer won by checkmate"]

1. d4 Nf6 2. Nf3 d5 3. Bg5 e6 4.
e3 c5 5. c3 Nc6 6. Nbd2 Bd6 7.
Bb5 Bd7 8. a4 Na5 9. Bd3 Qc7 10.
Rc1 c4 11. Bc2 a6 12. Bxf6 gxf6 13. e4 O-O-O 14. Qe2 Bf4 15. O-O h5 16. g3 Bh6 17.
Rce1 Rdg8 18. Nh4 Bg5 19. Ndf3 Nc6 20. Kh1 Ne7 21. e5 f5 22. b3 Kb8 23. bxc4 dxc4 24. Rb1 Bc6 25. Kg1 Bd5 26. Rb2 Ng6 27. Nxg6 Rxg6 28. Rfb1 h4 29. Nxg5 Rxg5 30. Kf1 hxg3 31.
fxg3 Rgh5 32. Bd1 Rxh2 33. Qxh2 Rxh2 34. Rxh2 f6 35. Rh8+ Ka7 36. Rh2 fxe5 37. dxe5 Qxe5 38. Rc1 Qxg3 39. Rf2 Qh3+ 40. Ke1 Qe3+ 41. Re2 Qxc1 42. Kf2 Qxc3 43. Bc2 Qd4+ 44. Ke1 Be4 45. Bxe4 fxe4 46. a5 Qc3+ 47. Kf2 Qxa5 48. Re3 Qc5 49. Ke2 Qxe3+ 50. Kxe3 b5 51. Kd2 Kb6 52. Kc3 Kc5 53. Kb2 b4 54. Ka2 Kd4 55. Kb2 e3 56. Kc2 Kd5 57.
Kd1 Kd4 58. Ke2 e5 59. Kd1 Kd3 60. Kc1 e2 61. Kb2 e1=Q 62. Ka2 Qd2+ 63. Kb1 Kc3 64. Ka1 Qb2# 0-1

[Event "Early-Titled-Tuesday-Blitz-November-28-2023"]
[Site "Chess.com"]
[Date "2023.11.28"]
[Round "10"]
[White "szachuspl"]
[Black "Flaccidmoves"]
[Result "1-0"]
[WhiteElo "2528"]
[BlackElo "2404"]
[TimeControl "180+1"]
[EndTime "10:02:45 PST"]
[Termination "szachuspl won on time"]

1. d4 Nf6 2. c4 g6 3. Nc3 d5 4. Nf3 Bg7 5. h4 c5 6. cxd5 Nxd5 7. e4 Nxc3 8. bxc3 Bg4 9. Bb5+ Nd7 10. O-O O-O 11. Be3 e5 12. d5 a6 13. Be2 Bxf3 14.
Bxf3 Qxh4 15. a4 b6 16. Qd2 Qe7 17. Rab1 Qd6 18. c4 a5 19. Bg4 Rab8 20. Rb3 f5 21. exf5 gxf5 22. Bh3 f4 23. Be6+ Kh8 24. Rfb1 Nf6 25.
Qb2 fxe3 26. fxe3 e4 27. Rxb6 Rxb6 28. Qxb6 Qg3 29. Qxc5 Bh6 30. Rb3 Nh5 31. Qd4+ Bg7 32. Qxe4 Be5 33. Bf5 Qh2+ 34. Kf2 Ng7 35. Ke2 Nxf5 36.
Kd3 Ng7 37. Rb7 Bf6 38. c5 Qg1 39. c6 Qd1+ 40. Kc4 Qxa4+ 41. Kd3 Qa3+ 42. Kc4 Qd6 43. Qf4 Be5 44. Qh4 Qg6 45. e4 Qxg2 46. Qe7 Qc2+ 47.
Kb5 Qb3+ 48. Ka6 Qd3+ 49. Ka7 Bd4+ 50. Rb6 Bxb6+ 51. Kxb6 Qf3 52. c7 Qf2+ 53. Kc6 Qf6+ 54. Qxf6 Rxf6+ 55. d6 Rf8 56. d7 Ne6 57. c8=Q 1-0

[Event "Early-Titled-Tuesday-Blitz-November-28-2023"]
[Site "Chess.com"]
[Date "2023.11.28"]
[Round "10"]
[White "Mistango"]
[Black "Vesper2018"]
[Result "1-0"]
[WhiteElo "2486"]
[BlackElo "2595"]
[TimeControl "180+1"]
[EndTime "10:02:48 PST"]
[Termination "Mistango won on time"]

1. e4 c5 2. Nf3 d6 3. d4 cxd4 4. Nxd4 Nf6 5. Nc3 a6 6. Be3 e5 7.
Nb3 Be7 8. f3 Be6 9. Qd2 Nbd7 10. O-O-O b5 11. Nd5 Bxd5 12. exd5 Nb6 13. Bxb6 Qxb6 14.
Kb1 O-O 15. h4 a5 16. g4 a4 17. Nc1 b4 18. h5 Ra5 19. Bc4 Rc8 20. b3 Rcc5 21. Nd3 Rxd5 22. Qxb4 Qxb4 23. Nxb4 Rxd1+ 24.
Rxd1 Rc5 25. Nd5 Nxd5 26. Bxd5 a3 27. c4 Bd8 28. b4 Rc8 29. Kc2 Bb6 30. Kb3 g6 31. hxg6 hxg6 32. Kxa3 Kg7 33. Kb3 f5 34. a4 Rb8 35. Ka3 Kf6 36. a5 Bd4 37. b5 fxg4 38.
fxg4 Kg5 39. b6 Kxg4 40. b7 Bc5+ 41. Ka4 Kf4 42. a6 e4 43. Rf1+ Ke5 44. Rf7 e3 45.
Kb5 Re8 46. Bf3 Kd4 47. Rc7 Rb8 48. Rc8 Ba7 49. Rxb8 Bxb8 50. Kb6 Kd3 51. a7 Bxa7+ 52. Kxa7 e2 53. Bxe2+ Kxe2 54. b8=Q 1-0

[Event "Early-Titled-Tuesday-Blitz-November-28-2023"]
[Site "Chess.com"]
[Date "2023.11.28"]
[Round "10"]
[White "Grammnik"]
[Black "Kovalyov_Eduard"]
[Result "1-0"]
[WhiteElo "2357"]
[BlackElo "2449"]
[TimeControl "180+1"]
[EndTime "10:02:48 PST"]
[Termination "Grammnik won on time"]

1. Nf3 Nf6 2. c4 g6 3. Nc3 Bg7 4. e4 d6 5. d4 O-O 6. Be2 e5 7. O-O exd4 8. Nxd4 Re8 9. f3 Nc6 10. Be3 Nh5 11. Nxc6 bxc6 12. g4 Nf6 13. Qd2 Nd7 14. Kh1 a5 15. Rad1 Rb8 16. c5 d5 17. exd5 cxd5 18. c6 Nb6 19. Bb5 Be6 20. Bd4 Nc4 21. Bxc4 dxc4 22. Bxg7 Qxd2 23. Rxd2 Kxg7 24. Re1 Rb6 25.
Re5 Ra8 26. Rc5 Raa6 27. Kg2 Rxc6 28. Rxc6 Rxc6 29. Nb5 Rc5 30. Nc3 h5 31. h3 hxg4 32. hxg4 g5 33. Kf2 Kg6 34. Rd8 f6 35. Ra8 Bd7 36.
Ke3 Bc6 37. Ra7 Re5+ 38. Kf2 f5 39. Rxc7 Re6 40. gxf5+ Kxf5 41. Ra7 Re5 42. Ra6 Rc5 43. Ke3 Ke5 44. Ra7 Bd5 45. Rg7 Kf6 46. Rd7 Bc6 47.
Rc7 Kf5 48. Ne4 Rb5 49. Rxc6 Rxb2 50. Rc5+ Kg6 51. Rxg5+ Kh6 52. Rxa5 c3 53. Nxc3 Rc2 54. Kd3 Rf2 55. Rf5 Kg6 56. Ke4 1-0

[Event "Early-Titled-Tuesday-Blitz-November-28-2023"]
[Site "Chess.com"]
[Date "2023.11.28"]
[Round "10"]
[White "MeesvanOsch"]
[Black "SlavenPastar"]
[Result "0-1"]
[WhiteElo "2407"]
[BlackElo "2629"]
[TimeControl "180+1"]
[EndTime "10:02:50 PST"]
[Termination "SlavenPastar won by checkmate"]

1. e4 b6 2. d4 Bb7 3. Bd3 Nf6 4. Qe2 e6 5. Nf3 d5 6. e5 Ne4 7. Nbd2 Nxd2 8. Bxd2 c5 9. c3 a5 10. Bb5+ Bc6 11.
Bg5 Qc8 12. Bd3 Bb7 13. O-O Ba6 14. Bxa6 Qxa6 15. Qd2 h6 16. Bh4 Nc6 17. a4 Rc8 18. Rfe1 cxd4 19. Nxd4 Nxd4 20. Qxd4 Rc4 21. Qd3 Qc8 22.
Qh3 Qc6 23. Kh1 Rxa4 24. Rxa4 Qxa4 25. Bg3 Be7 26. Qh5 O-O 27. h3 Qc2 28. Re2 Qd1+ 29. Kh2 b5 30. Qf3 b4 31. cxb4 Bxb4 32. Bf4 Rc8 33.
Qe3 d4 34. Qe4 d3 35. Re3 d2 36. Rd3 Qe1 37. Qb7 Rc1 38. Bxd2 Bxd2 39. Rd8+ Kh7 40. Qxf7 Qxe5+ 41. g3 Bb4 42. Qg8+ Kg6 43. Qe8+ Kf6 44. Rd3 Qe4 45. Qd8+ Be7 46. Qd4+ Qxd4 47. Rxd4 Rc2 48. Rf4+ Kg6 49. Re4 Rxf2+ 50. Kg1 Rxb2 51. Rxe6+ Bf6 52. Ra6 Ra2 53. h4 h5 54. Kh1 a4 55. g4 hxg4 56.
Kg1 Kh5 57. Ra5+ Kxh4 58. Kh1 Kh3 59. Rd5 Ra1+ 60. Rd1 Rxd1# 0-1

[Event "Early-Titled-Tuesday-Blitz-November-28-2023"]
[Site "Chess.com"]
[Date "2023.11.28"]
[Round "10"]
[White "KononenkoD"]
[Black "Alexchess1984"]
[Result "1-0"]
[WhiteElo "2546"]
[BlackElo "2703"]
[TimeControl "180+1"]
[EndTime "10:02:51 PST"]
[Termination "KononenkoD won by resignation"]

1. d4 Nf6 2. c4 c5 3. Nf3 cxd4 4.
Nxd4 g6 5. Nc3 Nc6 6. Nc2 Bg7 7. g3 O-O 8. Bg2 d6 9. O-O Be6 10. b3 Rc8 11. Bb2 a6 12. Qd2 Qa5 13. Rfd1 Rfe8 14. Ne3 b5 15. cxb5 axb5 16. Ncd5 Qxd2 17. Rxd2 Nxd5 18. Nxd5 Bxb2 19. Rxb2 b4 20. a4 bxa3 21. Rxa3 Bxd5 22. Bxd5 Nb4 23. Bf3 Rc1+ 24. Kg2 d5 25. Ra4 Rb8 26. Rd2 e6 27. e4 dxe4 28. Bxe4 Rc3 29.
Rb2 Kg7 30. h4 h5 31. Ra7 Kf6 32. Rd2 Ke5 33. Bf3 Rf8 34. Rb7 Rxb3 35. Re2+ Kd4 36.
Re4+ Kc3 37. Bd1 Rb1 38. Be2 Kd2 39. Bf1 Rxf1 40. Kxf1 Nd5 41. Rb3 Rc8 42. Re2+ Kc1 43. Rf3 Rc7 44. Kg2 Kd1 45. Ra2 f5 46. Rb3 Nc3 47.
Ra6 Kc2 48. Rbb6 Re7 49. Rxe6 Rd7 50. Rad6 1-0

[Event "Early-Titled-Tuesday-Blitz-November-28-2023"]
[Site "Chess.com"]
[Date "2023.11.28"]
[Round "10"]
[White "tacticthunder"]
[Black "SashaKuzhilniy"]
[Result "1-0"]
[WhiteElo "2802"]
[BlackElo "2643"]
[TimeControl "180+1"]
[EndTime "10:02:53 PST"]
[Termination "tacticthunder won on time"]

1. e4 g6 2. h4 d5 3. exd5 Qxd5 4. Nc3 Qd6 5. d4 Bg7 6. Nge2 Nf6 7. Bf4 Qd8 8. Ng3 Nc6 9. d5 e5 10. Bg5 Nd4 11. h5 h6 12. Bxf6 Qxf6 13. Nce4 Qb6 14. c3 Nf5 15. hxg6 fxg6 16. Bd3 O-O 17. Qb3 Bd7 18. O-O-O Qxb3 19. axb3 Nxg3 20. Nxg3 Rxf2 21. Bxg6 Rxg2 22. Rhg1 Rxg1 23. Rxg1 Bf6 24. Ne4 Bg5+ 25. Nxg5 hxg5 26. Rxg5 Kg7 27. Be4+ Kf6 28. Rg6+ Kf7 29. d6 c6 30. Rh6 Rg8 31. c4 b6 32. Kd2 Rg4 33. Kd3 Rg3+ 34. Kc2 Re3 35. Rh7+ Ke6 36.
Bf5+ Kxf5 37. Rxd7 Ke6 38. Rxa7 Kxd6 39. b4 b5 40. c5+ Kd5 41. b3 Rh3 42. Rd7+ Ke4 43. Rd6 Rh2+ 44. Kc3 Rh3+ 45. Kb2 Rh2+ 46. Ka3 Kf3 47.
Rxc6 e4 48. Rf6+ Ke2 49. c6 e3 50. Rf5 Kd3 51. c7 Rh8 52. Rd5+ Kc2 53. Rd8 Rh1 54.
c8=Q+ 1-0

[Event "Early-Titled-Tuesday-Blitz-November-28-2023"]
[Site "Chess.com"]
[Date "2023.11.28"]
[Round "10"]
[White "IljaZaragatski"]
[Black "cthulhuuu"]
[Result "1-0"]
[WhiteElo "2614"]
[BlackElo "2480"]
[TimeControl "180+1"]
[EndTime "10:02:53 PST"]
[Termination "IljaZaragatski won on time"]

1. Nf3 Nf6 2. g3 g6 3. b3 Bg7 4. Bb2 O-O 5. Bg2 d6 6. d4 Re8 7. O-O c6 8. Nbd2 Nbd7 9. e4 e5 10. dxe5 Nxe5 11. Nxe5 dxe5 12. Qe2 b5 13. Rfd1 Qb6 14.
a4 a6 15. axb5 Bg4 16. Bf3 Bxf3 17. Nxf3 cxb5 18. Bxe5 Qe6 19. Rd6 Qxd6 20. Bxd6 Nxe4 21. Be5 Ng5 22. Nxg5 Rxe5 23. Qf3 Rf8 24. Nh3 Rf5 25. Qd1 Bxa1 26. Qxa1 Re8 27. Qxa6 Re1+ 28. Kg2 Re2 29. Qc6 Kg7 30. c4 bxc4 31. bxc4 Ra5 32. c5 Re5 33.
Nf4 Raxc5 34. Qd6 Ra5 35. h4 h6 36. h5 g5 37. Nd3 Re6 38. Qd4+ Kg8 39. g4 Ra2 40. Qd8+ Kg7 41. Qd4+ Kg8 42. Kf3 Kh7 43. Ne5 Kg7 44. Kg3 Ra3+ 45. f3 Rf6 46. Qe4 Rb3 47. Nc4 Rbxf3+ 48. Qxf3 Rxf3+ 49. Kxf3 f5 50. Ne3 Kf6 51. Nxf5 1-0

[Event "Early-Titled-Tuesday-Blitz-November-28-2023"]
[Site "Chess.com"]
[Date "2023.11.28"]
[Round "10"]
[White "Witik"]
[Black "bubeliang"]
[Result "1-0"]
[WhiteElo "2800"]
[BlackElo "2644"]
[TimeControl "180+1"]
[EndTime "10:02:54 PST"]
[Termination "Witik won on time"]

1. e4 c6 2. d4 d5 3. exd5 cxd5 4. Bd3 Nc6 5. c3 Qc7 6. h3 g6 7. Ne2 Nf6 8. Bf4 Qd8 9. Nd2 Bg7 10. Nf3 O-O 11.
O-O Bf5 12. Re1 Bxd3 13. Qxd3 Ne4 14. Nd2 Nxd2 15. Qxd2 e6 16. g3 Rc8 17. Kg2 f6 18.
Rad1 Qd7 19. Bh6 Rfe8 20. Bxg7 Kxg7 21. Nf4 Na5 22. Re2 Nc4 23. Qe1 Kf7 24. Nd3 b6 25. h4 Nd6 26. Qh1 h5 27. Rde1 Ne4 28. f3 Nd6 29. Nf4 Qb5 30. Qh3 Nf5 31. g4 e5 32.
Nxg6 Kxg6 33. gxh5+ Kf7 34. Qxf5 Rg8+ 35. Kh2 e4 36.
fxe4 Rce8 37. Rf2 Qc6 38. e5 Re6 39. h6 Rg6 40. Rg1 Rxh6 41. Rg4 Qe8 42. Rfg2 Ke7 43.
Rg7+ Kd8 44. Rg8 Rxh4+ 45. Kg1 fxe5 46. Qxe6 Qxg8 47. Rxg8+ Kc7 48. Qc8+ Kd6 49. Rg6+ Ke7 50. Qc7+ Kf8 51. Rf6+ Ke8 52. Qc8+ Ke7 53. Re6+ Kf7 54. Qe8+ Kg7 55. Rg6+ 1-0

[Event "Early-Titled-Tuesday-Blitz-November-28-2023"]
[Site "Chess.com"]
[Date "2023.11.28"]
[Round "10"]
[White "JimDiGrease"]
[Black "Alexei_Gubajdullin"]
[Result "1-0"]
[WhiteElo "2939"]
[BlackElo "2674"]
[TimeControl "180+1"]
[EndTime "10:02:54 PST"]
[Termination "JimDiGrease won on time"]

1. d4 Nf6 2. c4 g6 3. h4 h6 4. Nc3 Bg7 5. e4 d6 6. Be2 Nc6 7. d5 Ne5 8. Nf3 Neg4 9. Nd4 Bd7 10. f3 Ne5 11. Be3 c5 12. dxc6 bxc6 13. c5 d5 14. exd5 Nxd5 15. Nxd5 cxd5 16. b4 Nc4 17. Bxc4 dxc4 18. c6 Bc8 19. Rc1 O-O 20. Rxc4 Qd5 21. Qc2 e5 22. Rc5 Qd6 23. Nb5 Qe7 24.
Rc4 Bf5 25. Bc5 Qf6 26. Qc3 Rfc8 27. Nxa7 Rc7 28. b5 Rcxa7 29. Bxa7 Rxa7 30. b6 Rxa2 31. b7 Qd6 32. c7 e4 33. b8=Q+ Kh7 34. Qe3 Qg3+ 35.
Kd1 Qxg2 36. Re1 exf3 37. c8=Q Ra1+ 38. Rc1 Rxc1+ 39. Kxc1 Bxc8 40. Qxc8 Qb2+ 41. Kd1 f2 42. Rf1 Bd4 43. Qd3 h5 44. Qcc4 Qa1+ 45. Ke2 Qb2+ 46. Kf3 Qb7+ 47. Ke2 Qe7+ 48. Kd1 Bb6 49. Qdd5 Kg7 50.
Qc3+ Kh7 51. Qde5 Qd7+ 52. Kc1 1-0

[Event "Early-Titled-Tuesday-Blitz-November-28-2023"]
[Site "Chess.com"]
[Date "2023.11.28"]
[Round "10"]
[White "Gyulamiryan-koryun"]
[Black "LaPiToB"]
[Result "0-1"]
[WhiteElo "1938"]
[BlackElo "2275"]
[TimeControl "180+1"]
[EndTime "10:02:55 PST"]
[Termination "LaPiToB won by checkmate"]

1. e4 c5 2. Nf3 d6 3. d4 cxd4 4. Nxd4 Nf6 5. Nc3 g6 6. f3 Bg7 7. Be3 O-O 8. Qd2 Nc6 9. O-O-O d5 10. Nxc6 bxc6 11. e5 Ne8 12. Bh6 Rb8 13. Bxg7 Nxg7 14. h4 h5 15. Rg1 Qb6 16. Bb5 cxb5 17. Nxd5 Qe6 18. Qb4 Re8 19. Nc7 Qc6 20. Nxe8 Qxe8 21. Rd4 Nf5 22. Rd3 Be6 23. b3 Rc8 24. g4 Qc6 25. c3 Ng7 26. Qxe7 hxg4 27. fxg4 Qa6 28. Rd8+ Rxd8 29. Qxd8+ Kh7 30. Kb2 b4 31. c4 Qa3+ 32. Kb1 Qa6 33. h5 Qc6 34. hxg6+ Kxg6 35. Qd3+ Kg5 36.
Qe3+ Kg6 37. Qd3+ Kg5 38. Re1 Bxg4 39. Qe3+ Kg6 40. Qe4+ Qxe4+ 41. Rxe4 Bf5 42. Kb2 Bxe4 43. a3 bxa3+ 44. Kxa3 Kf5 45. Kb4 Kxe5 46. Kc5 f5 47. b4 f4 48. b5 f3 49. b6 axb6+ 50. Kxb6 f2 51. c5 f1=Q 52. c6 Bxc6 53. Kxc6 Qc4+ 54.
Kb6 Kd6 55. Kb7 Qb5+ 56. Kc8 Qd7+ 57. Kb8 Kc6 58. Ka8 Qb7# 0-1

[Event "Early-Titled-Tuesday-Blitz-November-28-2023"]
[Site "Chess.com"]
[Date "2023.11.28"]
[Round "10"]
[White "jk13"]
[Black "GMKrikor"]
[Result "1-0"]
[WhiteElo "2648"]
[BlackElo "2772"]
[TimeControl "180+1"]
[EndTime "10:02:56 PST"]
[Termination "jk13 won by resignation"]

1. e4 e6 2. d4 d5 3. Nd2 c5 4.
exd5 Qxd5 5. Ngf3 cxd4 6. Bc4 Qd7 7. O-O Nc6 8. Nb3 a6 9. Nbxd4 Nxd4 10. Nxd4 Qc7 11.
Bb3 Bd6 12. h3 Ne7 13. Re1 O-O 14. c3 Ng6 15. Qf3 Bd7 16. Bg5 Rac8 17. Rad1 Rfe8 18. g3 Ne5 19. Qe2 Ng6 20. Qf3 Bf8 21. h4 Ne5 22.
Qe2 Nc4 23. Bc1 b5 24. h5 e5 25. Nc2 Be6 26. Ne3 Rcd8 27. Nxc4 Bxc4 28. Bxc4 Qxc4 29.
Qxc4 bxc4 30. Rxd8 Rxd8 31. Kf1 f6 32. Re4 Rc8 33.
f4 exf4 34. Bxf4 Kf7 35. Ke2 Rc6 36. Kd2 g6 37. hxg6+ hxg6 38. b3 cxb3 39. axb3 f5 40. Ra4 Be7 41. c4 g5 42. Be3 g4 43. Bf4 Bd6 44.
Bxd6 Rxd6+ 45. Ke3 Re6+ 46. Kd3 Kf6 47. c5 Ke5 48.
Rd4 Rc6 49. b4 a5 50. bxa5 Rxc5 51. Ra4 Rc7 52. a6 Ra7 53. Ra5+ Kf6 54. Kd4 Kg5 55. Ke5 Ra8 56. a7 Kg6 57. Kd6 Kg5 58. Kc7 Kg6 59. Kb7 Rf8 60. a8=Q Rxa8 61. Kxa8 f4 62.
gxf4 1-0

[Event "Early-Titled-Tuesday-Blitz-November-28-2023"]
[Site "Chess.com"]
[Date "2023.11.28"]
[Round "10"]
[White "jaskol95"]
[Black "Iball95"]
[Result "0-1"]
[WhiteElo "2549"]
[BlackElo "2824"]
[TimeControl "180+1"]
[EndTime "10:02:56 PST"]
[Termination "Iball95 won by resignation"]

1. e4 c5 2. Nf3 e6 3. b4 d5 4. exd5 exd5 5. bxc5 Bxc5 6. d4 Bd6 7. Bd3 Nf6 8. O-O O-O 9. Bg5 Bg4 10. h3 Bh5 11. Nbd2 Nbd7 12. c3 Qa5 13. Qc2 Rac8 14. Rac1 Rfe8 15.
Bf5 Bg6 16. Bxg6 hxg6 17. Qb3 Nb6 18. c4 dxc4 19. Nxc4 Nxc4 20. Rxc4 b6 21. Rfc1 Rxc4 22. Qxc4 Qd5 23. Bxf6 Qxc4 24. Rxc4 gxf6 25. Rc6 Rd8 26. g3 Kf8 27. Kf1 Ke7 28. Ke2 Kd7 29. Rc4 b5 30. Rc2 a5 31. Kd3 Re8 32. Nd2 f5 33.
Nb3 a4 34. Nc5+ Bxc5 35. Rxc5 Rb8 36. a3 b4 37. axb4 Rxb4 38. Ra5 Rb2 39. Rxa4 Rxf2 40.
Ke3 Rf1 41. Ra6 Re1+ 42. Kf3 Rd1 43. Ra4 Ke6 44. g4 fxg4+ 45. hxg4 Kd5 46. Ra7 Rf1+ 47.
Kg2 Rf4 48. Kg3 Rf1 49. Rd7+ Ke4 50. d5 f6 51. Rg7 g5 52. d6 Rf3+ 53. Kg2 Rd3 54.
Re7+ Kf4 55. d7 Rd2+ 56. Kf1 Kxg4 57. Ke1 Rd6 58. Rf7 f5 59. Ke2 f4 60. Kf2 Rd2+ 61. Ke1 Rd5 62. Kf2 Kh5 63. Kf3 Kg6 64.
Re7 Kf6 65. Rh7 Ke6 66. Kg4 Rxd7 67. Rh6+ Ke5 68. Rh8 Rd2 69. Kxg5 Rg2+ 70. Kh4 Rh2+ 71. Kg4 Rxh8 0-1